 Dungeon Crawl Stone Soup version 0.27-a0-1136-g0b992a5a9d (webtiles) character file.

Game seed: 17127140030177764847

2859 Zeld the Shield-Bearer (level 9, -2/64 HPs)
             Began as an Octopode Fighter on May 4, 2021.
             Was a Follower of Okawaru.
             Slain by a warg (11 damage)
             ... on level 8 of the Dungeon.
             The game lasted 00:21:23 (13855 turns).

Zeld the Shield-Bearer (Octopode Fighter)          Turns: 13855, Time: 00:21:24

Health: -2/64      AC:  1    Str: 19    XL:     9   Next: 75%
Magic:  9/9        EV: 12    Int: 10    God:    Okawaru [*.....]
Gold:   212        SH: 10    Dex: 11    Spells: 8/8 levels left

rFire    . . .     SeeInvis +   a - +1 war axe
rCold    . . .     Faith    .   b - +0 kite shield
rNeg     . . .     Spirit   .   (helmet restricted)
rPois    .         Reflect  .   (no amulet)
rElec    .         Harm     .   j - ring of see invisible
rCorr    .         Rampage  .   x - ring of wizardry
Will     .....                  (no ring)
Stlth    ++........             (no ring)
HPRegen  0.20/turn              (no ring)
MPRegen  0.11/turn              (no ring)
                                (no ring)
                                (no ring)

@: no status effects
A: almost no armour, amphibious, 8 rings, camouflage 1, gelatinous body 1,
(nimble swimmer 1), tentacles
a: Renounce Religion, Heroism


You were on level 8 of the Dungeon.
You worshipped Okawaru.
Okawaru was aware of your devotion.
You visited 2 branches of the dungeon, and saw 9 of its levels.
You also visited: Sewer.

You collected 356 gold pieces.
You spent 144 gold pieces at shops.

Inventory:

Hand Weapons
 a - a +1 war axe (weapon)
Missiles
 e - 39 poisoned darts (quivered)
 p - 5 boomerangs
Armour
 b - a +0 kite shield (worn)
Jewellery
 j - a ring of see invisible (left tentacle)
 x - a ring of wizardry (right tentacle)
Wands
 i - a wand of flame (35)
 n - a wand of mindburst (3)
Scrolls
 k - a scroll of blinking
 m - 4 scrolls of magic mapping
 s - 7 scrolls of teleportation
Potions
 c - 2 potions of experience {unknown}
 d - 2 potions of invisibility
 f - a potion of curing {unknown}
 g - a potion of degeneration {unknown}
 h - 5 potions of heal wounds {unknown}
 l - a potion of cancellation {unknown}
 o - a potion of lignification {unknown}
 q - 2 potions of attraction {unknown}
 r - 2 potions of magic {unknown}
 t - 3 potions of brilliance {unknown}
 u - a potion of might
 v - 2 potions of haste {unknown}
 z - 2 potions of berserk rage {unknown}


   Skills:
 * Level 7.3 Fighting
 * Level 7.0 Axes
 - Level 6.0 Throwing
 - Level 3.0 Dodging
 * Level 7.3 Shields


You had 8 spell levels left.
You didn't know any spells.
Your spell library contained the following spells:

 Spells                   Type           Power      Damage    Failure   Level
 Beastly Appendage        Tmut           0%         N/A       38%         1
 Wereblood                Tmut           0%         N/A       50%         2
 Spider Form              Tmut/Pois      0%         N/A       73%         3
 Ice Form                 Ice/Tmut       0%         N/A       98%         4
 Hydra Form               Tmut           0%         N/A       100%        5


Dungeon Overview and Level Annotations

Branches:
Dungeon (8/15)             Temple (1/1) D:7            Lair (0/6) D:8
  Sewer (visited)

Altars:
Ashenzari
Cheibriados
Dithmenos
Elyvilon
Fedhas
Gozag
Hepliaklqana
Kikubaaqudgha
Makhleb
Nemelex Xobeh
Okawaru
Ru
Sif Muna
Uskayaw
Vehumet
Wu Jian
Xom
Zin
The Shining One

Shops:
D:2 *[


Innate Abilities, Weirdness & Mutations

You cannot wear most types of armour.
You are amphibious.
You can wear up to eight rings at the same time.
Your skin changes colour to match your surroundings (Stealth+).
Your rubbery body absorbs attacks. (AC +1, EV +1)
((You are camouflaged near water. (Stealth+)))
You have tentacles for arms and can constrict up to eight enemies at once.


Message History

Your Axes skill increases to level 7!
Items here: )) [ ††.
No target in view!
A shadow imp comes into view.
The shadow imp shouts, "Crawl home, thou craven moon-mazed coxcomb!"
You hear a shout!
You hear a howl! x2
You slash the shadow imp!
You kill the shadow imp!
Okawaru accepts your kill.
No target in view!
No target in view!
A warg comes into view.
The warg howls!
The warg completely misses you. The warg misses you.
You closely miss the warg. Your squeeze misses the warg. The warg bites you.
You closely miss the warg. You block the warg's attack. The warg bites you!
You closely miss the warg. The warg bites you. You block the warg's attack.
You closely miss the warg. The warg bites you! You block the warg's attack.
You are too injured to fight recklessly!
You are too injured to fight recklessly!
You are too injured to fight recklessly!
You are too injured to fight recklessly!
You are too injured to fight recklessly!
You are too injured to fight recklessly!
Okay, then.
Unknown command.
You hit the warg. You squeeze the warg!
The warg is heavily wounded.
The warg bites you!
Unknown command.
Your shield prevents you from hitting the warg.
The warg is heavily wounded.
The warg bites you!
* * * LOW HITPOINT WARNING * * *
The warg bites you but does no damage.
Unknown command.
You barely miss the warg. You squeeze the warg.
The warg is heavily wounded.
The warg bites you!
You die...

.....>.
#..o.o.
#......
#....o ###
#..... #<#
#.... ####)#
#...###....#
#..h@..####
########


You could see a warg.

Vanquished Creatures
  A wyvern (D:7)
  A warg (D:7)
  Duvessa (D:7)
  A black bear (D:7)
  Purgy (Sewer)
  4 sky beasts
  2 orc warriors (D:7)
  An ogre (D:2)
  The ghost of RemovedPizza the Chiller, an amateur HOIE (D:6)
  A centaur (D:7)
  A phantom (D:6)
  A kobold brigand (D:7)
  6 scorpions
  Dowan (D:7)
  2 wyvern skeletons
  2 jellies
  2 bullfrog skeletons
  2 centaur skeletons
  2 hounds
  4 orc priests
  Crazy Yiuf (D:4)
  4 iguanas
  Ijyb (D:4)
  4 orc wizards
  Robin (D:2)
  A gnoll (D:3)
  2 howler monkey skeletons
  7 adders
  A shadow imp (D:8)
  A white imp (D:6)
  An adder skeleton (D:4)
  A worm (D:3)
  5 dart slugs
  21 orcs
  4 endoplasms
  3 giant cockroaches
  13 goblins
  7 hobgoblins
  9 jackals
  A quokka (D:1)
  8 ball pythons
  4 bats
  13 frilled lizards
  12 kobolds
  8 rats
170 creatures vanquished.

Vanquished Creatures (others)
  9 plants
9 creatures vanquished.

Grand Total: 179 creatures vanquished

Notes
Turn   | Place    | Note
-------+----------+-------------------------------------------
     0 | D:1      | Zeld the Octopode Fighter began the quest for the Orb.
     0 | D:1      | Reached XP level 1. HP: 16/16 MP: 1/1
   267 | D:1      | Reached XP level 2. HP: 19/21 MP: 2/2
   585 | D:1      | Found a faded altar of an unknown god.
   993 | D:2      | Reached XP level 3. HP: 26/26 MP: 3/3
  1285 | D:2      | Found Ecsa's Assorted Antiques.
  1292 | D:2      | Reached skill level 1 in Throwing
  1292 | D:2      | Reached XP level 4. HP: 16/31 MP: 4/4
  1442 | D:2      | Bought a murky sapphire potion for 28 gold pieces
  1828 | D:2      | Found Sial Sue's Antique Armour Shop.
  1973 | D:2      | Reached XP level 5. HP: 31/36 MP: 5/5
  2227 | D:2      | Noticed Robin
  2228 | D:2      | Noticed an ogre
  2541 | D:2      | Killed an ogre
  2546 | D:2      | Killed Robin
  2919 | D:2      | Reached XP level 6. HP: 37/42 MP: 6/6
  3053 | D:3      | Reached skill level 5 in Throwing
  3863 | D:3      | Found a runed translucent gate.
  3864 | D:3      | Found a runed translucent gate.
  3864 | D:3      | Found a runed translucent gate.
  3866 | D:3      | Noticed RemovedPizza's ghost (amateur HOIE)
  4555 | D:4      | Noticed Ijyb
  4558 | D:4      | Reached XP level 7. HP: 40/46 MP: 7/7
  4564 | D:4      | Killed Ijyb
  4886 | D:4      | You fall into a shaft and drop 1 floor!
  4886 | D:5      | Entered Level 5 of the Dungeon
  4915 | D:5      | Found a broken altar of Ashenzari.
  4940 | D:5      | Identified the +3 scale mail of Ciwil {+Blink rC- Int-3
                  | Stlth+}
  5379 | D:5      | Identified the +1 chain mail of Shrieking Freedom {rCorr
                  | Str+4}
  5460 | D:5      | Found a glowing drain.
  5470 | Sewer    | Entered a sewer
  5685 | Sewer    | Noticed Purgy
  6157 | Sewer    | Killed Purgy
  7002 | D:4      | Reached XP level 8. HP: 48/54 MP: 8/8
  7430 | D:4      | Found a runed translucent door.
  7431 | D:4      | Noticed Crazy Yiuf
  7440 | D:4      | Killed Crazy Yiuf
  8145 | D:6      | Reached skill level 5 in Fighting
  8145 | D:6      | Reached skill level 5 in Shields
  8179 | D:6      | Killed RemovedPizza's ghost
  9220 | D:5      | Found a broken altar of Ashenzari.
  9438 | D:5      | Reached skill level 5 in Axes
 10112 | D:2      | Bought a puce potion for 28 gold pieces
 10112 | D:2      | Bought a scroll labelled RIYP QODIRGH for 32 gold pieces
 10112 | D:2      | Bought a white potion for 28 gold pieces
 10112 | D:2      | Bought a murky silvery potion for 28 gold pieces
 10457 | D:7      | Found a staircase to the Ecumenical Temple.
 10466 | Temple   | Entered the Ecumenical Temple
 10492 | Temple   | Became a worshipper of Warmaster Okawaru
 11015 | D:7      | Noticed Duvessa
 11015 | D:7      | Noticed Dowan
 11125 | D:6      | Reached XP level 9. HP: 54/62 MP: 9/9
 12012 | D:7      | Killed Duvessa
 12012 | D:7      | Reached * piety under Okawaru
 12405 | D:7      | Killed Dowan
 13100 | D:8      | Found a staircase to the Lair.
 13855 | D:8      | Slain by a warg

Illustrated notes

Levels and vault maps discovered:
D:1:      dpeg_arrival_round_a, layout_basic, chequers_ecumenical_altar_lobes,
          minmay_lizard_pond
D:2:      layout_loops_ring, serial_shops, nicolae_shop_crystal, shop,
          uniq_robin
D:3:      layout_loops_corners, gammafunk_ghost_necromancy, minmay_ruptured
D:4:      layout_cave_pools, grunt_ministairs_8, minmay_mini_jars,
          uniq_crazy_yiuf_cottage, uniq_ijyb
D:5:      layout_loops_cross, cheibrodos_ashenzari_chains, portal_sewer_entry_d
D:6:      layout_rooms
D:7:      layout_loops_ring, minmay_temple_entry_gardened_gates,
          minmay_checkerbox, uniq_duvessa
D:8:      layout_basic, amethyst_overflow_temple_binary, marbit_many_paths,
          erik_lair_orcish_takeover, minmay_radiant, uniq_pikel
Temple:   compressed_dpeg_circular_temple

Skill      XL: |  1  2  3  4  5  6  7  8  9 |
---------------+----------------------------+-----
Throwing       | 1 3 4 6 |  6.0
Axes           | 4 5 7 |  7.0
Fighting       | 4 6 7 |  7.3
Shields        | 4 6 7 |  7.3
Dodging        | |  3.0

Action                   |  1- 3 |  4- 6 |  7- 9 || total
-------------------------+-------+-------+-------++-------
Melee: War axe           |    50 |    87 |   231 ||   368
       Constrict         |    13 |    26 |    45 ||    84
       Tentacles         |     4 |    10 |    46 ||    60
       Punch             |       |       |     1 ||     1
Throw: Dart              |       |     8 |    36 ||    44
Invok: Heroism           |       |       |     1 ||     1
Evoke: Wand              |       |       |    16 ||    16
  Use: Potion            |       |     1 |     1 ||     2
       Scroll            |       |     5 |    11 ||    16
 Stab: Sleeping          |     1 |     4 |    10 ||    15
Armor: Skin              |     4 |       |     9 ||    13
Dodge: Dodged            |    26 |    43 |   119 ||   188
Block: Kite shield       |    21 |    56 |   106 ||   183

Table legend: (Time is in decaauts)
 A = Elapsed time spent in this place.
 B = Non-inter-level travel time spent in this place.
 C = Inter-level travel time spent in this place.
 D = Time resting spent in this place.
 E = Time spent auto-exploring this place.
 F = Levels seen in this place.
 G = Mean time per level.
                   A        B        C        D        E       F      G
               +--------+--------+--------+--------+--------+-----+--------+
         Total |  14052 |  13464 |    588 |   4425 |   7077 |  10 | 1405.2 |
       Dungeon |  12759 |  12185 |    574 |   3575 |   6817 |   8 | 1594.9 |
        Temple |     89 |     75 |     14 |      0 |     68 |   1 |   89.0 |
         Sewer |   1204 |   1204 |      0 |    850 |    192 |   1 | 1204.0 |
               +--------+--------+--------+--------+--------+-----+--------+

Top non-repeatable levels by time:
     D:7: 2522 daAuts
     D:5: 2323 daAuts
     D:2: 1877 daAuts
     D:6: 1790 daAuts
     D:3: 1562 daAuts
     D:4: 1356 daAuts
     D:1: 1231 daAuts
   Sewer: 1204 daAuts
     D:8: 95 daAuts
  Temple: 89 daAuts
